| TOP OF THE 1ST |
|
Lansing Lugnuts batting - Pitching for Kannapolis Intimidators : LHP Phil Peterson
|
|
Pitching: LHP Phil Peterson
|
|
|
Batting: RHB Tokuji Kawabata
|
0-0: Called Strike 0-1: Ball 1-1: Ball 2-1: Ground out 6-3 (Groundball, 6, EV 80.6 MPH)
|
|
Batting: RHB Frank Caulfield
|
0-0: Swinging Strike 0-1: Swinging Strike 0-2: Ball 1-2: Strikes out swinging
|
|
Batting: RHB Brock Van Gilder
|
0-0: Called Strike 0-1: Ground out 5-3 (Groundball, 5S, EV 75.6 MPH)
|
| Top of the 1st over - 0 runs, 0 hits, 0 errors, 0 left on base; Lansing 0 - Kannapolis 0 |
| BOTTOM OF THE 1ST |
|
Kannapolis Intimidators batting - Pitching for Lansing Lugnuts : LHP Steve Pratt
|
|
Pitching: LHP Steve Pratt
|
|
|
Batting: RHB Josiah Wright
|
0-0: Foul Ball, location: 2F 0-1: Ball 1-1: Ball 2-1: Ball 3-1: Base on Balls
|
|
Batting: RHB Adam Lambert
|
0-0: Ball 1-0: Called Strike 1-1: Grounds into double play, 5-4-3 (Groundball, 56, EV 106.9 MPH)
|
|
Batting: SHB Ruben Velasco Jr.
|
0-0: Ball 1-0: Called Strike 1-1: Foul Ball, location: 2F 1-2: Strikes out swinging
|
| Bottom of the 1st over - 0 runs, 0 hits, 0 errors, 0 left on base; Lansing 0 - Kannapolis 0 |
| TOP OF THE 2ND |
|
Lansing Lugnuts batting - Pitching for Kannapolis Intimidators : LHP Phil Peterson
|
|
Batting: LHB Aaron Caron
|
0-0: Foul Ball, location: 2F 0-1: Foul Ball, location: 2F 0-2: Ball 1-2: Foul Ball, location: 2F 1-2: Ball 2-2: Foul Ball, location: 2F 2-2: Ball 3-2: Foul Ball, location: 2F 3-2: Ground out 4-3 (Groundball, 4, EV 104.4 MPH)
|
|
Batting: RHB Wade Diamond
|
0-0: Ball 1-0: DOUBLE (Groundball, 5L, EV 108.1 MPH)
|
|
Batting: SHB Ryan Chicoine
|
0-0: Called Strike 0-1: Ball 1-1: Ball 2-1: Foul Ball, location: 2F 2-2: Ball 3-2: Base on Balls
|
|
Batting: RHB Chris Martin
|
0-0: Ball 1-0: Grounds into double play, 6-4-3 (Groundball, 6, EV 85.6 MPH)
|
| Top of the 2nd over - 0 runs, 1 hit, 0 errors, 1 left on base; Lansing 0 - Kannapolis 0 |
| BOTTOM OF THE 2ND |
|
Kannapolis Intimidators batting - Pitching for Lansing Lugnuts : LHP Steve Pratt
|
|
Batting: RHB Jeff Cox
|
0-0: Ball 1-0: Called Strike 1-1: DOUBLE (Line Drive, 78XD, EV 100.0 MPH)
|
|
Batting: LHB Robert Rauda
|
0-0: Ball 1-0: Ball 2-0: Ground out 4-3 (Groundball, 4, EV 85.6 MPH) Jeff Cox to third
|
|
Batting: SHB Josh Conner
|
0-0: Foul Ball, location: 2F 0-1: Foul Ball, location: 2F 0-2: Foul Ball, location: 2F 0-2: Strikes out swinging
|
|
Batting: RHB Tyrell Camp
|
0-0: SINGLE (Groundball, 6MD, EV 109.4 MPH) Jeff Cox scores
|
|
Batting: RHB Egidius Kruger
|
0-0: Foul Ball, location: 2F 0-1: Ball 1-1: Swinging Strike 1-2: SINGLE (Groundball, 34D, EV 94.4 MPH) Tyrell Camp to second Runner from 2nd tries for 3rd, SAFE, throw by RF made to third
|
|
Batting: SHB Matt Childers
|
0-0: Called Strike 0-1: Ball 1-1: Ball 2-1: Swinging Strike 2-2: Fielders Choice at 2nd, 6-4 (Groundball, 6, EV 103.1 MPH)
|
| Bottom of the 2nd over - 1 run, 3 hits, 0 errors, 2 left on base; Lansing 0 - Kannapolis 1 |
| TOP OF THE 3RD |
|
Lansing Lugnuts batting - Pitching for Kannapolis Intimidators : LHP Phil Peterson
|
|
Batting: RHB Brian Manson
|
0-0: Ball 1-0: Ball 2-0: Ball 3-0: Base on Balls
|
|
Batting: LHB Roger Escareno
|
0-0: Called Strike Brian Manson steals 2nd, throwing error, E2 Brian Manson to third 0-1: Ball 1-1: Ball 2-1: Ball 3-1: Reached on error, E4 (Groundball, 4M, EV 83.1 MPH) Brian Manson scores
|
|
Batting: RHB Tokuji Kawabata
|
0-0: Ball 1-0: Called Strike 1-1: Foul Ball, location: 2F 1-2: Foul Ball, location: 2F 1-2: Fly out, F8 (Flyball, 8RM, EV 83.8 MPH)
|
|
Batting: RHB Frank Caulfield
|
0-0: Ball 1-0: Ball 2-0: Called Strike 2-1: Foul Ball, location: 2F 2-2: Ball 3-2: Foul Ball, location: 2F 3-2: Base on Balls Roger Escareno to second
|
|
Batting: RHB Brock Van Gilder
|
0-0: Ball 1-0: Swinging Strike 1-1: Ball 2-1: Ball 3-1: Base on Balls Roger Escareno to third Frank Caulfield to second
|
|
Batting: LHB Aaron Caron
|
0-0: Called Strike 0-1: Ball 1-1: Grounds into double play, 5-4-3 (Groundball, 56, EV 81.2 MPH)
|
| Top of the 3rd over - 1 run, 0 hits, 2 errors, 2 left on base; Lansing 1 - Kannapolis 1 |
| BOTTOM OF THE 3RD |
|
Kannapolis Intimidators batting - Pitching for Lansing Lugnuts : LHP Steve Pratt
|
|
Batting: RHB Josiah Wright
|
0-0: Ball 1-0: Ball 2-0: Fly out, F3 (Popup, 3F, EV 66.2 MPH)
|
|
Batting: RHB Adam Lambert
|
0-0: Ball 1-0: Foul Ball, location: 2F 1-1: Foul Ball, location: 2F 1-2: Foul Ball, location: 2F 1-2: Strikes out swinging, 2-3 out at first.
|
|
Batting: SHB Ruben Velasco Jr.
|
0-0: Called Strike 0-1: Ball 1-1: Foul Ball, location: 2F 1-2: Ball 2-2: Strikes out swinging
|
| Bottom of the 3rd over - 0 runs, 0 hits, 0 errors, 0 left on base; Lansing 1 - Kannapolis 1 |
| TOP OF THE 4TH |
|
Lansing Lugnuts batting - Pitching for Kannapolis Intimidators : LHP Phil Peterson
|
|
Batting: RHB Wade Diamond
|
0-0: Ball 1-0: Called Strike 1-1: SOLO HOME RUN (Flyball, 78XD, EV 99.4 MPH), Distance : 380 ft
|
|
Batting: SHB Ryan Chicoine
|
0-0: Ball 1-0: Ball 2-0: DOUBLE (Line Drive, 78D, EV 102.5 MPH)
|
|
Batting: RHB Chris Martin
|
0-0: Ball 1-0: Foul Ball, location: 2F 1-1: Ball 2-1: Fly out, F9 (Flyball, 9, EV 91.2 MPH)
|
|
Batting: RHB Brian Manson
|
0-0: Ball 1-0: Called Strike 1-1: Called Strike 1-2: Ground out 6-3 (Groundball, 6S, EV 85.0 MPH) Ryan Chicoine to third
|
|
Batting: LHB Roger Escareno
|
0-0: Foul Ball, location: 2F 0-1: Swinging Strike 0-2: Ball 1-2: Ball 2-2: Ball 3-2: Strikes out swinging
|
| Top of the 4th over - 1 run, 2 hits, 0 errors, 1 left on base; Lansing 2 - Kannapolis 1 |
| BOTTOM OF THE 4TH |
|
Kannapolis Intimidators batting - Pitching for Lansing Lugnuts : LHP Steve Pratt
|
|
Batting: RHB Jeff Cox
|
0-0: Ground out 4-3 (Groundball, 4, EV 103.8 MPH)
|
|
Batting: LHB Robert Rauda
|
0-0: Ball 1-0: SINGLE (Groundball, 4M, EV 108.8 MPH) (infield hit)
|
|
Batting: SHB Josh Conner
|
0-0: Called Strike 0-1: Called Strike Robert Rauda is caught stealing 2nd base 2-4 0-2: Ball 1-2: Strikes out looking
|
| Bottom of the 4th over - 0 runs, 1 hit, 0 errors, 0 left on base; Lansing 2 - Kannapolis 1 |
| TOP OF THE 5TH |
|
Lansing Lugnuts batting - Pitching for Kannapolis Intimidators : LHP Phil Peterson
|
|
Batting: RHB Tokuji Kawabata
|
0-0: Ball 1-0: Swinging Strike 1-1: Ball 2-1: Called Strike 2-2: Foul Ball, location: 2F 2-2: Ball 3-2: Ground out 6-3 (Groundball, 6M, EV 106.9 MPH)
|
|
Pitching: LHP Datu Callanta
|
|
|
Batting: RHB Frank Caulfield
|
0-0: Called Strike 0-1: Called Strike 0-2: Strikes out swinging
|
|
Batting: RHB Brock Van Gilder
|
0-0: Ball 1-0: Foul Ball, location: 2F 1-1: TRIPLE (Flyball, 78XD, EV 101.9 MPH)
|
|
Batting: LHB Aaron Caron
|
0-0: Ball 1-0: Swinging Strike 1-1: Called Strike 1-2: Ball 2-2: Strikes out swinging
|
| Top of the 5th over - 0 runs, 1 hit, 0 errors, 1 left on base; Lansing 2 - Kannapolis 1 |
| BOTTOM OF THE 5TH |
|
Kannapolis Intimidators batting - Pitching for Lansing Lugnuts : LHP Steve Pratt
|
|
Batting: RHB Tyrell Camp
|
0-0: Called Strike 0-1: SINGLE (Groundball, 6MD, EV 95.6 MPH)
|
|
Batting: RHB Egidius Kruger
|
0-0: Ball 1-0: Called Strike 1-1: Ball 2-1: Ball 3-1: Called Strike 3-2: Foul Ball, location: 2F 3-2: Foul Ball, location: 2F 3-2: Strikes out swinging
|
|
Batting: SHB Matt Childers
|
0-0: Ball 1-0: Called Strike 1-1: Grounds into double play, 4-6-3 (Groundball, 4, EV 81.2 MPH)
|
| Bottom of the 5th over - 0 runs, 1 hit, 0 errors, 0 left on base; Lansing 2 - Kannapolis 1 |
| TOP OF THE 6TH |
|
Lansing Lugnuts batting - Pitching for Kannapolis Intimidators : LHP Datu Callanta
|
|
Batting: RHB Wade Diamond
|
0-0: Ball 1-0: Called Strike 1-1: Foul Ball, location: 2F 1-2: Foul Ball, location: 2F 1-2: Strikes out swinging
|
|
Batting: SHB Ryan Chicoine
|
0-0: Ball 1-0: Ball 2-0: Foul Ball, location: 2F 2-1: Foul Ball, location: 2F 2-2: Foul Ball, location: 2F 2-2: Foul Ball, location: 2F 2-2: Ground out 4-3 (Groundball, 4, EV 81.9 MPH)
|
|
Batting: RHB Chris Martin
|
0-0: Ball 1-0: Ground out 5-3 (Groundball, 56, EV 100.6 MPH)
|
| Top of the 6th over - 0 runs, 0 hits, 0 errors, 0 left on base; Lansing 2 - Kannapolis 1 |
| BOTTOM OF THE 6TH |
|
Kannapolis Intimidators batting - Pitching for Lansing Lugnuts : LHP Steve Pratt
|
|
Batting: RHB Josiah Wright
|
0-0: Ground out U3 (Groundball, 3, EV 85.6 MPH)
|
|
Batting: RHB Adam Lambert
|
0-0: Ball 1-0: Ball 2-0: Ball 3-0: Base on Balls
|
|
Batting: SHB Ruben Velasco Jr.
|
0-0: Ball 1-0: Foul Ball, location: 2F 1-1: Swinging Strike 1-2: Ball 2-2: TRIPLE (Flyball, 9LD, EV 90.0 MPH) Adam Lambert scores
|
|
Batting: RHB Jeff Cox
|
0-0: Called Strike 0-1: Ball 1-1: Swinging Strike 1-2: Ground out 4-3 (Groundball, 4, EV 84.4 MPH)
|
|
Batting: LHB Robert Rauda
|
0-0: Ball 1-0: Ball 2-0: Fly out, F7 (Flyball, 7LSF, EV 85.6 MPH)
|
| Bottom of the 6th over - 1 run, 1 hit, 0 errors, 1 left on base; Lansing 2 - Kannapolis 2 |
| TOP OF THE 7TH |
|
Lansing Lugnuts batting - Pitching for Kannapolis Intimidators : LHP Datu Callanta
|
|
Batting: RHB Brian Manson
|
0-0: Called Strike 0-1: Foul Ball, location: 2F 0-2: Ball 1-2: Foul Ball, location: 2F 1-2: Ball 2-2: Foul Ball, location: 2F 2-2: Ground out 5-3 (Groundball, 56S, EV 65.0 MPH)
|
|
Pinch Hitting: RHB Josh Swartzentruber
|
0-0: Called Strike 0-1: Foul Ball, location: 2F 0-2: Ball 1-2: Foul Ball, location: 2F 1-2: Ball 2-2: SINGLE (Groundball, 56S, EV 72.5 MPH) (infield hit)
|
|
Batting: RHB Tokuji Kawabata
|
0-0: Called Strike Josh Swartzentruber steals 2nd base 0-1: Foul Ball, location: 2F 0-2: Strikes out looking
|
|
Batting: RHB Frank Caulfield
|
0-0: Ball 1-0: Called Strike 1-1: Swinging Strike 1-2: Ball 2-2: SINGLE (Groundball, 34D, EV 107.5 MPH) Josh Swartzentruber to third Runner from 3rd tries for Home, throw by RF and OUT! 9-2
|
| Top of the 7th over - 0 runs, 2 hits, 0 errors, 1 left on base; Lansing 2 - Kannapolis 2 |
| BOTTOM OF THE 7TH |
|
Kannapolis Intimidators batting - Pitching for Lansing Lugnuts : LHP Steve Pratt
|
|
Now at 3B: Josh Swartzentruber
|
|
|
Batting: SHB Josh Conner
|
0-0: Ball 1-0: Foul Ball, location: 2F 1-1: Ground out 6-3 (Groundball, 6, EV 82.5 MPH)
|
|
Batting: RHB Tyrell Camp
|
0-0: Ball 1-0: SOLO HOME RUN (Flyball, 78XD, EV 105.0 MPH), Distance : 423 ft
|
|
Batting: RHB Egidius Kruger
|
0-0: Ball 1-0: Ball 2-0: Ground out 1-3 (Groundball, 34S, EV 72.5 MPH)
|
|
Batting: SHB Matt Childers
|
0-0: Swinging Strike 0-1: Swinging Strike 0-2: Strikes out swinging
|
| Bottom of the 7th over - 1 run, 1 hit, 0 errors, 0 left on base; Lansing 2 - Kannapolis 3 |
| TOP OF THE 8TH |
|
Lansing Lugnuts batting - Pitching for Kannapolis Intimidators : LHP Datu Callanta
|
|
Pitching: LHP Jonas Jennings
|
|
|
Batting: RHB Brock Van Gilder
|
0-0: Ball 1-0: Ground out 6-3 (Groundball, 56D, EV 86.9 MPH)
|
|
Pinch Hitting: RHB Dylan Phillips
|
0-0: Called Strike 0-1: SINGLE (Groundball, 56D, EV 102.5 MPH)
|
|
Batting: RHB Wade Diamond
|
0-0: Ball 1-0: Ball 2-0: SINGLE (Groundball, 5S, EV 68.1 MPH) (infield hit) Dylan Phillips to second
|
|
Batting: SHB Ryan Chicoine
|
0-0: Foul Ball, location: 2F 0-1: Fielders Choice at 2nd, 6-4 (Groundball, 56, EV 82.5 MPH) Dylan Phillips to third
|
|
Batting: RHB Chris Martin
|
0-0: Ball 1-0: Ball 2-0: Ball 3-0: Base on Balls Ryan Chicoine to second
|
|
Batting: RHB Brian Manson
|
0-0: Ball 1-0: Ball 2-0: Ball 3-0: Base on Balls Dylan Phillips scores Ryan Chicoine to third Chris Martin to second
|
|
Batting: RHB Josh Swartzentruber
|
0-0: Ball 1-0: Swinging Strike 1-1: Fielders Choice at 2nd, 6-4 (Groundball, 6, EV 97.5 MPH)
|
| Top of the 8th over - 1 run, 2 hits, 0 errors, 3 left on base; Lansing 3 - Kannapolis 3 |
| BOTTOM OF THE 8TH |
|
Kannapolis Intimidators batting - Pitching for Lansing Lugnuts : LHP Steve Pratt
|
|
Now in RF: Bryan Mattis
|
|
|
Batting: RHB Josiah Wright
|
0-0: Ball 1-0: Ball 2-0: Ball 3-0: Base on Balls
|
|
Batting: RHB Adam Lambert
|
0-0: Sac Bunt to 13S - play at first, batter OUT! 1-3 Josiah Wright to second
|
|
Batting: SHB Ruben Velasco Jr.
|
0-0: Ball Josiah Wright is caught stealing 3rd base 2-5 1-0: Ground out U3 (Groundball, 3L, EV 86.9 MPH)
|
| Bottom of the 8th over - 0 runs, 0 hits, 0 errors, 0 left on base; Lansing 3 - Kannapolis 3 |
| TOP OF THE 9TH |
|
Lansing Lugnuts batting - Pitching for Kannapolis Intimidators : LHP Jonas Jennings
|
|
Pitching: RHP Toby Riley
|
|
|
Batting: RHB Tokuji Kawabata
|
0-0: Foul Ball, location: 2F 0-1: Ground out 4-3 (Groundball, 4M, EV 90.6 MPH)
|
|
Pinch Hitting: LHB Eddie Muniz
|
0-0: Ball 1-0: Ball 2-0: Ball 3-0: Called Strike 3-1: Base on Balls
|
|
Batting: RHB Brock Van Gilder
|
0-0: Ball 1-0: Ball 2-0: Foul Ball, location: 2F 2-1: Foul Ball, location: 2F 2-2: Ball 3-2: Base on Balls Eddie Muniz to second
|
|
Pinch Runner at 2nd Luis Reyes:
|
|
|
Pinch Hitting: LHB Frank Nelson
|
0-0: Ball 1-0: Foul Ball, location: 2F 1-1: Swinging Strike 1-2: Strikes out swinging
|
|
Batting: RHB Wade Diamond
|
0-0: Foul Ball, location: 2F 0-1: Ball Passed Ball! Luis Reyes to third Brock Van Gilder to second 1-1: Called Strike 1-2: Ball 2-2: Strikes out looking
|
| Top of the 9th over - 0 runs, 0 hits, 0 errors, 2 left on base; Lansing 3 - Kannapolis 3 |
| BOTTOM OF THE 9TH |
|
Kannapolis Intimidators batting - Pitching for Lansing Lugnuts : LHP Steve Pratt
|
|
Pitching: RHP Aaron Linkous
|
|
|
Now at 2B: Luis Reyes
|
|
|
Now in RF: Frank Nelson
|
|
|
Batting: RHB Jeff Cox
|
0-0: Ball 1-0: Foul Ball, location: 2F 1-1: Fly out, F8 (Flyball, 8LD, EV 104.4 MPH)
|
|
Batting: LHB Robert Rauda
|
0-0: Ball 1-0: Ball 2-0: SINGLE (Groundball, 34D, EV 103.1 MPH) (infield hit)
|
|
Batting: SHB Josh Conner
|
0-0: Called Strike 0-1: Ball Robert Rauda is caught stealing 2nd base 2-6 1-1: Called Strike 1-2: DOUBLE (Line Drive, 9LS, EV 94.4 MPH)
|
|
Batting: RHB Tyrell Camp
|
0-0: Ground out 5-3 (Groundball, 56S, EV 68.8 MPH)
|
| Bottom of the 9th over - 0 runs, 2 hits, 0 errors, 1 left on base; Lansing 3 - Kannapolis 3 |
| TOP OF THE 10TH |
|
Lansing Lugnuts batting - Pitching for Kannapolis Intimidators : RHP Toby Riley
|
|
Batting: SHB Ryan Chicoine
|
0-0: Ball 1-0: Ball 2-0: Ball 3-0: Called Strike 3-1: Called Strike 3-2: Strikes out swinging
|
|
Batting: RHB Chris Martin
|
0-0: Ball 1-0: Called Strike 1-1: Ball 2-1: Ball 3-1: Base on Balls
|
|
Batting: RHB Brian Manson
|
0-0: Called Strike 0-1: Ball 1-1: Foul Ball, location: 2F 1-2: Fly out, F9 (Flyball, 89D, EV 98.1 MPH)
|
|
Pitching: RHP Ron Knowles
|
|
|
Batting: RHB Josh Swartzentruber
|
0-0: Ball 1-0: Ball 2-0: Foul Ball, location: 2F 2-1: Swinging Strike 2-2: Ball 3-2: Ground out 6-3 (Groundball, 6, EV 84.4 MPH)
|
| Top of the 10th over - 0 runs, 0 hits, 0 errors, 1 left on base; Lansing 3 - Kannapolis 3 |
| BOTTOM OF THE 10TH |
|
Kannapolis Intimidators batting - Pitching for Lansing Lugnuts : RHP Aaron Linkous
|
|
Pinch Hitting: SHB Ivan Barry
|
0-0: Ball 1-0: Hit by Pitch
|
|
Batting: SHB Matt Childers
|
0-0: Foul Ball, location: 2F 0-1: Ball 1-1: Fielders Choice at 2nd, 3-6 (Groundball, 3, EV 88.1 MPH)
|
|
Batting: RHB Josiah Wright
|
0-0: Ground out 5-3 (Groundball, 56, EV 100.0 MPH) Matt Childers to second
|
|
Batting: RHB Adam Lambert
|
0-0: Foul Ball, location: 2F 0-1: Swinging Strike 0-2: Foul Ball, location: 2F 0-2: Strikes out looking
|
| Bottom of the 10th over - 0 runs, 0 hits, 0 errors, 1 left on base; Lansing 3 - Kannapolis 3 |
| TOP OF THE 11TH |
|
Lansing Lugnuts batting - Pitching for Kannapolis Intimidators : RHP Ron Knowles
|
|
Now at 2B: Ivan Barry
|
|
|
Now at SS: Josh Conner
|
|
|
Batting: RHB Tokuji Kawabata
|
0-0: Ball 1-0: Ball 2-0: Foul Ball, location: 2F 2-1: Ground out 1-3 (Groundball, 13, EV 68.1 MPH)
|
|
Batting: RHB Luis Reyes
|
0-0: Called Strike 0-1: Ball 1-1: Foul Ball, location: 2F 1-2: Strikes out swinging
|
|
Batting: RHB Brock Van Gilder
|
0-0: Ball 1-0: SINGLE (Line Drive, 89S, EV 101.9 MPH)
|
|
Batting: LHB Frank Nelson
|
0-0: Called Strike Brock Van Gilder steals 2nd base 0-1: Ball 1-1: Ball 2-1: Ground out 4-3 (Groundball, 4M, EV 86.9 MPH)
|
| Top of the 11th over - 0 runs, 1 hit, 0 errors, 1 left on base; Lansing 3 - Kannapolis 3 |
| BOTTOM OF THE 11TH |
|
Kannapolis Intimidators batting - Pitching for Lansing Lugnuts : RHP Aaron Linkous
|
|
Batting: SHB Ruben Velasco Jr.
|
0-0: Foul Ball, location: 2F 0-1: Called Strike 0-2: Ball 1-2: Strikes out swinging
|
|
Batting: RHB Jeff Cox
|
0-0: Ball 1-0: Ball 2-0: Ball 3-0: Called Strike 3-1: Swinging Strike 3-2: Ground out 6-3 (Groundball, 6, EV 89.4 MPH)
|
|
Batting: LHB Robert Rauda
|
0-0: Swinging Strike 0-1: Foul Ball, location: 2F 0-2: Strikes out swinging
|
| Bottom of the 11th over - 0 runs, 0 hits, 0 errors, 0 left on base; Lansing 3 - Kannapolis 3 |
| TOP OF THE 12TH |
|
Lansing Lugnuts batting - Pitching for Kannapolis Intimidators : RHP Ron Knowles
|
|
Batting: RHB Wade Diamond
|
0-0: Called Strike 0-1: Ball 1-1: Foul Ball, location: 2F 1-2: Strikes out looking
|
|
Batting: SHB Ryan Chicoine
|
0-0: Ball 1-0: Swinging Strike 1-1: Called Strike 1-2: Ball 2-2: Strikes out swinging
|
|
Batting: RHB Chris Martin
|
0-0: SOLO HOME RUN (Flyball, 78XD, EV 106.9 MPH), Distance : 407 ft
|
|
Batting: RHB Brian Manson
|
0-0: Foul Ball, location: 2F 0-1: Reached on error, E6 (Groundball, 6S, EV 72.5 MPH)
|
|
Pitching: RHP Mike Tolley
|
|
|
Batting: RHB Josh Swartzentruber
|
0-0: Ball Brian Manson steals 2nd base 1-0: Ball 2-0: Ground out 5-3 (Groundball, 56S, EV 80.6 MPH)
|
| Top of the 12th over - 1 run, 1 hit, 1 error, 1 left on base; Lansing 4 - Kannapolis 3 |
| BOTTOM OF THE 12TH |
|
Kannapolis Intimidators batting - Pitching for Lansing Lugnuts : RHP Aaron Linkous
|
|
Batting: SHB Josh Conner
|
0-0: Ball 1-0: Ball 2-0: Foul Ball, location: 2F 2-1: Ball 3-1: SINGLE (Groundball, 56D, EV 95.6 MPH)
|
|
Batting: RHB Tyrell Camp
|
0-0: Foul Ball, location: 2F 0-1: Called Strike 0-2: Strikes out swinging
|
|
Batting: SHB Ivan Barry
|
0-0: Ball 1-0: Called Strike 1-1: Foul Ball, location: 2F 1-2: Foul Ball, location: 2F 1-2: Ball 2-2: Ball 3-2: SINGLE (Groundball, 34D, EV 103.1 MPH) Josh Conner to second Runner from 2nd tries for 3rd, OUT! 9-5 Ivan Barry to second
|
|
Pitching: RHP Pat Powell
|
|
|
Batting: SHB Matt Childers
|
0-0: Ball 1-0: Called Strike 1-1: Fly out, F9 (Flyball, 9D, EV 97.5 MPH)
|
| Bottom of the 12th over - 0 runs, 2 hits, 0 errors, 1 left on base; Lansing 4 - Kannapolis 3 |
|